 Dungeon Crawl Stone Soup version 0.30-a0-304-gdc4b735fe1 (webtiles) character file.

Game seed: 11780600654347654726

2080 KennySheep the Grasshopper (level 8, -3/58 HPs)
             Began as a Demigod Conjurer on Oct 20, 2022.
             Killed by an exploding iguana (23 damage)
             ... ignited by their inner flame
             ... on level 7 of the Dungeon.
             The game lasted 00:30:35 (7614 turns).

KennySheep the Grasshopper (Demigod Conjurer)       Turns: 7614, Time: 00:30:36

Health: -3/58      AC:  4    Str: 13    XL:     8   Next: 78%
Magic:  10/14      EV: 12    Int: 26    God:
Gold:   275        SH:  5    Dex: 12    Spells: 4/11 levels left

rFire   + . .      SeeInvis .    w - +5 long sword of the Trees {flame, rC+ Str+5 Int-2}
rCold   + + .      Faith    .    (no shield)
rNeg    . . .      Spirit   .    a - +0 robe
rPois   +          Reflect  +    (no helmet)
rElec   .          Harm     .    s - scarf {rC+ rF+}
rCorr   .          Rampage  .    (no gloves)
Will    .....                    (no boots)
Stlth   ++........               f - amulet of reflection
HPRegen 0.29/turn                y - ring of poison resistance
MPRegen 0.14/turn                (no ring)

@: no status effects
A: high MP 1, forlorn, divine attributes, claws 1, iridescent scales 1,
MP-powered wands
a: no special abilities


You were on level 7 of the Dungeon.
You visited 1 branch of the dungeon, and saw 7 of its levels.
You also visited: Sewer.

You collected 275 gold pieces.

Inventory:

Hand Weapons
 c - a +1 short sword
 d - a +3 hand axe
 w - the +5 long sword of the Trees (weapon) {flame, rC+ Str+5 Int-2}
   (You found it on level 6 of the Dungeon)

   It burns those it strikes, dealing additional fire damage.
   Big, fiery blades are also staple armaments of hydra-hunters.
   Str:       It affects your strength (+5).
   Int:       It affects your intelligence (-2).
   rC:        It protects you from cold.
Missiles
 i - 6 datura-tipped darts
Armour
 a - a +0 robe (worn)
 j - a +1 ring mail of poison resistance
 s - a scarf of resistance (worn)
Jewellery
 e - an amulet of the acrobat
 f - an amulet of reflection (around neck)
 y - a ring of poison resistance (left claw)
Wands
 x - a wand of charming (9)
 B - a wand of light (1)
Scrolls
 l - 2 scrolls of blinking
 p - a scroll of poison
 q - 2 scrolls of vulnerability
 u - 2 scrolls of teleportation
 A - a scroll of fear
 C - a scroll of noise
Potions
 b - a potion of cancellation {unknown}
 g - 2 potions of mutation
 h - 2 potions of haste
 k - 2 potions of heal wounds
 m - 3 potions of curing
 o - a potion of degeneration {unknown}
 r - a potion of flight
 t - a potion of might {unknown}


   Skills:
 - Level 0.3 Fighting
 - Level 1.7 Dodging
 - Level 1.7 Stealth
 - Level 0.6 Unarmed Combat
 - Level 2.2 Spellcasting
 - Level 6.0 Conjurations
 * Level 7.9 Translocations
 + Level 5.1 Transmutations


You had 4 spell levels left.
You knew the following spells:

 Your Spells              Type           Power      Damage    Failure   Level
a - Magic Dart            Conj           100%       1d8       1%          1
b - Searing Ray           Conj           68%        2d6       1%          2
c - Iskenderun's Mystic   Conj/Tloc      39%        2d9       6%          4

Your spell library contained the following spells:

 Spells                   Type           Power      Damage    Failure   Level
 Dazzling Flash           Conj/Hex       36%        N/A       9%          3
 Fulminant Prism          Conj/Hex       9%         3d7       30%         4
 Cause Fear               Hex            1%         N/A       71%         4
 Dragon Form              Tmut           14%        N/A       100%        7
 Dragon's Call            Summ           1%         N/A       100%        9


Dungeon Overview and Level Annotations

Branches:
Dungeon (7/15)              Sewer (visited)
 Temple: D:4-7

Shops:
D:2 :   D:4 [

Annotations:
D:2 Robin
D:6 Edmund


Innate Abilities, Weirdness & Mutations

You have an increased reservoir of magic. (+10% MP)
You shall have no god before yourself.
Your divine heritage dramatically boosts your attributes as you level up.
You have sharp fingernails.
You are partially covered in iridescent scales. (AC +2)
You expend magic power (3 MP) to strengthen your wands.


Message History

You climb upwards.
Level annotation: Edmund
There is a stone staircase leading down here.
There is a stone staircase leading down here.
You climb downwards.
You hear the roar of battle.
There is an entrance to a bailey on this level.
Hurry and find it before the portal closes forever!
Found a pair of boots.
There is a stone staircase leading up here.
As you read the scroll labelled PABIBI QIHE, it crumbles to dust.
Your body is wracked with pain!
The iguana convulses!
The iguana hisses angrily.
It was a scroll of torment.
As you read the scroll labelled DUPAOS GIBBAISSY, it crumbles to dust.
It is a scroll of amnesia.
Really abort (and waste the scroll)?
Okay, then.
As you read the scroll labelled VUCLONN BETIFIUM, it crumbles to dust.
The creatures around you are filled with an inner flame!
It was a scroll of immolation.
Casting: Iskenderun's Mystic Blast (dangerous; 6% risk of failure)
Confirm with . or Enter, or press ? or * to list all spells.
Okay, then.
An orc comes into view. It is wielding a +0 flail.
The orc shouts!
The iguana bites you.
An orc wizard comes into view. It is wielding a +0 dagger.
Found a stone staircase leading down.
The orc wizard casts a spell at you.
You easily resist.
An orc warrior comes into view. It is wielding a +0 trident.
A gnoll comes into view. It is wielding a +0 spear.
The iguana bites you!
Casting: Iskenderun's Mystic Blast (dangerous; 6% risk of failure)
Confirm with . or Enter, or press ? or * to list all spells.
You erupt in a blast of force!
The mystic blast hits the iguana!
The orc warrior shouts!
The iguana explodes!
The fiery explosion engulfs you!! You resist.
You die...

.#.....#
..oo..#
#.....#
#.....#
...#...o.#
#........#
#####§#####
#..<§§§...#
#...§@§...#
#...........#
###..[......#
#.........#
#.........#
#.........#
#.........#
#.........#


You could see an orc warrior, an orc wizard and an orc.

Vanquished Creatures
  A two-headed ogre (D:5)
  Menkaure (D:5)
  An ogre (D:5)
  2 phantoms (D:6)
  Blork the orc (D:6)
  5 scorpions
  2 necrophages (D:6)
  2 jellies
  5 hounds
  An orc priest (D:4)
  A gnoll bouda (D:5)
  5 iguanas
  An orc wizard (D:5)
  5 gnolls
  8 adders
  A river rat (Sewer)
  3 ufetubi
  3 worms
  A dart slug (D:1)
  14 orcs
  5 bats
  5 endoplasms
  4 giant cockroaches
  11 goblins
  8 hobgoblins
  2 jackals (D:5)
  6 kobolds
  A quokka (D:1)
  11 ball pythons
  6 frilled lizards
  10 rats
132 creatures vanquished.

Vanquished Creatures (others)
  3 fungi (D:4)
3 creatures vanquished.

Grand Total: 135 creatures vanquished

Notes
Turn   | Place    | Note
-------+----------+-------------------------------------------
     0 | D:1      | KennySheep the Demigod Conjurer began the quest for the
                  | Orb.
     0 | D:1      | Reached XP level 1. HP: 14/14 MP: 5/5
   286 | D:1      | Reached skill level 1 in Translocations
   286 | D:1      | Reached XP level 2. HP: 16/20 MP: 1/7
   289 | D:1      | Learned a level 2 spell: Searing Ray
  1081 | D:2      | Reached XP level 3. HP: 24/26 MP: 3/8
  1424 | D:2      | Noticed Robin
  1492 | D:2      | Found Tuneq's Book Emporium.
  2199 | D:3      | Found a glowing drain.
  2203 | D:3      | Reached skill level 2 in Translocations
  2203 | D:3      | Reached XP level 4. HP: 33/33 MP: 3/10
  2262 | Sewer    | Entered a sewer
  2268 | Sewer    | Learned a level 4 spell: Iskenderun's Mystic Blast
  2311 | Sewer    | Gained mutation: You are partially covered in iridescent
                  | scales. (AC +2) [potion of mutation]
  2311 | Sewer    | Gained mutation: You expend magic power (3 MP) to
                  | strengthen your wands. [potion of mutation]
  2311 | Sewer    | Gained mutation: You have sharp fingernails. [potion of
                  | mutation]
  3374 | D:4      | Found Iwni's Antique Armour Emporium.
  3453 | D:5      | Entered Level 5 of the Dungeon
  3466 | D:5      | Noticed a two-headed ogre
  3516 | D:6      | Identified the +5 long sword of the Trees {flame, rC+ Str+5
                  | Int-2}
  3523 | D:6      | Noticed a necrophage
  3531 | D:6      | Killed a necrophage
  3532 | D:6      | Reached skill level 3 in Translocations
  3532 | D:6      | Reached skill level 1 in Transmutations
  3532 | D:6      | Reached XP level 5. HP: 39/39 MP: 5/11
  3677 | D:6      | Reached XP level 6. HP: 42/46 MP: 8/12
  3751 | D:6      | Reached skill level 4 in Translocations
  3851 | D:6      | Reached skill level 5 in Conjurations
  4082 | D:6      | Reached XP level 7. HP: 51/51 MP: 9/13
  4275 | D:6      | Noticed Blork the orc
  4281 | D:6      | Killed Blork the orc
  4387 | D:6      | Noticed Edmund
  4639 | D:4      | Reached skill level 5 in Translocations
  5099 | D:4      | You fall into a shaft and drop 1 floor!
  5428 | D:5      | Noticed Menkaure
  5525 | D:5      | Killed Menkaure
  5526 | D:5      | Reached skill level 6 in Translocations
  5526 | D:5      | Reached XP level 8. HP: 30/58 MP: 1/14
  7163 | D:5      | Killed a two-headed ogre
  7164 | D:5      | Reached skill level 7 in Translocations
  7164 | D:5      | Reached skill level 5 in Transmutations
  7614 | D:7      | Killed by an exploding iguana... ignited by their inner
                  | flame

Illustrated notes

Levels and vault maps discovered:
D:1:      tarquinn_simple_flora_water_a, layout_rooms,
          dreamdust_ecumenical_altar_grove
D:2:      layout_loops_corners, serial_shops, shop, hangedman_decor_points,
          uniq_robin
D:3:      layout_basic, portal_sewer_entry_d
D:4:      layout_rooms, lemuel_tele_altar, overflow_temple_1_default,
          nicolae_ashenzari_skybound, nicolae_dithmenos_shadow_blocks,
          serial_shops, nicolae_shop_statue_plus, dreamdust_gnoll_farm
D:5:      layout_loops_ring, dreamdust_princess_corridor, uniq_menkaure
D:6:      layout_basic, makhleb_blood_cavern_becter, kennysheep_windowed_goal,
          uniq_blork_the_orc, uniq_edmund
D:7:      layout_rooms, mainiacjoe_overflow_chevrons,
          minmay_temple_entry_junction, enter_bailey_3, uniq_duvessa

Skill      XL: |  1  2  3  4  5  6  7  8 |
---------------+-------------------------+-----
Translocations | 1 2 3 4 6 7 |  7.9
Spellcasting   | 2 |  2.2
Conjurations   | 4 5 6 |  6.0
Transmutations | 1 2 3 5 |  5.1
Fighting       | |  0.3
Dodging        | |  1.7
Stealth        | |  1.7
Unarmed Combat | |  0.6

Action                   |  1- 3 |  4- 6 |  7- 9 || total
-------------------------+-------+-------+-------++-------
Melee: Unarmed           |     4 |       |       ||     4
       Short sword       |     2 |       |       ||     2
       Hand axe          |       |     1 |       ||     1
       Long sword        |       |    16 |    36 ||    52
 Cast: Magic Dart        |    82 |    67 |    31 ||   180
       Searing Ray       |     4 |    12 |    16 ||    32
       Iskenderun's Myst |       |       |    38 ||    38
  Use: Scroll            |     4 |     2 |     6 ||    12
       Potion            |       |     2 |     3 ||     5
 Stab: Sleeping          |       |     1 |       ||     1
Armor: Robe              |     5 |     5 |    13 ||    23
Dodge: Dodged            |     6 |    21 |    39 ||    66
Block: Other             |       |     1 |    14 ||    15

Table legend: (Time is in decaauts)
 A = Elapsed time spent in this place.
 B = Non-inter-level travel time spent in this place.
 C = Inter-level travel time spent in this place.
 D = Time resting spent in this place.
 E = Time spent auto-exploring this place.
 F = Levels seen in this place.
 G = Mean time per level.
                   A        B        C        D        E       F      G
               +--------+--------+--------+--------+--------+-----+--------+
         Total |   7659 |   7472 |    187 |   1275 |   4842 |   8 |  957.4 |
       Dungeon |   7101 |   6914 |    187 |   1232 |   4457 |   7 | 1014.4 |
         Sewer |    557 |    557 |      0 |     43 |    384 |   1 |  557.0 |
               +--------+--------+--------+--------+--------+-----+--------+

Top non-repeatable levels by time:
     D:5: 1848 daAuts
     D:6: 1598 daAuts
     D:2: 1135 daAuts
     D:1: 975 daAuts
     D:4: 840 daAuts
     D:3: 693 daAuts
   Sewer: 557 daAuts
     D:7: 9 daAuts
